 Dungeon Crawl Stone Soup version 0.24-a0-67-ga78bd38 (webtiles) character file.

Game seed: 8913518382892885683

1677 galech the Chopper (level 8, -6/61 HPs)
             Began as a Demonspawn Fighter on Feb 5, 2019.
             Was a Believer of Okawaru.
             Mangled by an orc warrior
             ... wielding a +0 dire flail
              (8 damage)
             ... on level 6 of the Dungeon.
             The game lasted 00:06:13 (4770 turns).

galech the Chopper (Demonspawn Fighter)             Turns: 4770, Time: 00:06:13

Health: -6/61      AC: 17    Str: 17    XL:     8   Next: 70%
Magic:  8/8        EV:  4    Int:  9    God:    Okawaru [**....]
Gold:   403        SH: 10    Dex: 15    Spells: 7/7 levels left

rFire    + . .     SeeInvis .   y - +2 hand axe (freeze)
rCold    . . .     Gourm    .   c - +0 shield
rNeg     . . .     Faith    .   B - +0 plate armour
rPois    .         Spirit   .   t - +0 helmet
rElec    .         Reflect  .   s - +0 cloak
rCorr    .         Harm     .   (no gloves)
MR       .....                  h - +0 pair of boots
Stlth    ..........             (no amulet)
HPRegen  0.20/turn              (no ring)
MPRegen  0.11/turn              v - ring of stealth

@: no status effects
A: claws 2, thin metallic scales 1, fire resistance 1, powered by pain 1, flame
cloud immunity
a: Heroism, Renounce Religion


You were on level 6 of the Dungeon.
You worshipped Okawaru.
Okawaru was pleased with you.
You were hungry.

You visited 1 branch of the dungeon, and saw 6 of its levels.

You collected 491 gold pieces.
You spent 88 gold pieces at shops.

Inventory:

Hand Weapons
 a - a +0 war axe
 y - a +2 hand axe of freezing (weapon)
 z - the +7 dagger "Jumodec" {pain, rC+}
   (You found it on level 6 of the Dungeon)

   In the hands of one skilled in necromantic magic, it inflicts extra damage on
   living creatures.
   It protects you from cold.
 C - a +1 dagger of flaming
Armour
 c - a +0 shield (worn)
 h - a +0 pair of boots (worn)
 s - a +0 cloak (worn)
 t - a +0 helmet (worn)
 B - a +0 plate armour (worn)
Jewellery
 v - a ring of stealth (right claw)
Wands
 o - a wand of clouds (7)
Scrolls
 e - 4 scrolls of teleportation
 g - a scroll of amnesia
 i - a scroll of fear
 m - 2 scrolls of remove curse
 n - a scroll of magic mapping
 q - a scroll of enchant armour
 u - a scroll of random uselessness
 x - a scroll of enchant weapon
 D - a scroll of noise
Potions
 b - a potion of magic {unknown}
 d - 2 potions of might
 j - a potion of invisibility
 k - 2 potions of heal wounds
 p - a potion of mutation {unknown}
 r - a potion of brilliance {unknown}
 w - a potion of haste {unknown}
 A - a potion of lignification
 E - a potion of curing
Comestibles
 f - 11 rations
 l - 3 chunks of flesh


   Skills:
 + Level 4.6 Fighting
 + Level 6.7 Axes
 + Level 4.1 Armour
 + Level 2.4 Dodging
 + Level 0.4 Stealth
 + Level 6.2 Shields
 + Level 0.1 Invocations


You had 7 spell levels left.
You didn't know any spells.
Your spell library was empty.

Dungeon Overview and Level Annotations

Branches:
Dungeon (6/15)             Temple (0/1) D:4

Altars:
Cheibriados
Elyvilon
Fedhas
Gozag
Nemelex Xobeh
Okawaru
Ru
Zin
The Shining One
Beogh

Shops:
D:4 ?


Innate Abilities, Weirdness & Mutations

You have very sharp fingernails.
You are partially covered in thin metallic scales. (AC +2)
Your flesh is heat resistant. (rF+)
You sometimes gain a little power by taking damage.
You are immune to clouds of flame.


Message History

The orc warrior is lightly wounded.
The orc warrior hits you with a +0 dire flail!
* * * LOW HITPOINT WARNING * * *
You focus on the pain.
You feel your power returning.
You barely miss the orc warrior.
The orc warrior is lightly wounded.
The orc warrior closely misses you.
You closely miss the orc warrior.
The orc warrior is lightly wounded.
You feel like a meek peon again.
You closely miss the orc warrior.
The orc warrior is lightly wounded.
You block the orc warrior's attack.
You hit the orc warrior but do no damage.
The orc warrior is lightly wounded.
The orc warrior barely misses you.
You hit the orc warrior but do no damage.
The orc warrior is lightly wounded.
The orc warrior hits you with a +0 dire flail!
You die...

#.......# ###.....#
........# ### ##...)..#
#.# #.......########.#
#...........(.##.# ..
#.............##.# ...#
#............>##o###...#
##.............#@)......
#.≈.≈.+###.#..[....#####
#≈.≈.≈.# #.#..)###.#...
##...#.#
#.#..####.#.###.#
#.≈.#.#
#.#.............#
#...#.# #.#.......#.###.
#.≈.#.# #.#.#.#...[...#
#...#.# #.#.#.#.###.#.#
#.≈.#.# #...#.......#


You could see an orc warrior.

Vanquished Creatures
  Duvessa (D:5)
  An orc warrior (D:5)
  An ogre (D:6)
  2 phantoms (D:6)
  2 centaurs
  2 bullfrogs
  Dowan (D:5)
  A scorpion (D:5)
  3 crimson imps
  A bullfrog zombie (D:5)
  2 hounds
  4 orc priests
  An orc wizard (D:5)
  5 worker ants
  4 iguanas
  A hound skeleton (D:5)
  A howler monkey zombie (D:5)
  5 gnolls
  10 adders
  A shadow imp (D:5)
  An ooze (D:2)
  2 adder skeletons
  2 worms
  6 leopard geckos
  12 orcs
  4 giant cockroaches
  6 goblins
  12 hobgoblins
  7 jackals
  7 kobolds
  5 quokkas
  3 ball pythons
  4 bats
  3 frilled lizards
  5 rats
128 creatures vanquished.

Notes
Turn   | Place    | Note
-------+----------+-------------------------------------------
     0 | D:1      | galech the Demonspawn Fighter began the quest for the Orb.
     0 | D:1      | Reached XP level 1. HP: 18/18 MP: 1/1
   222 | D:1      | Gained mutation: You are partially covered in thin metallic
                  | scales. (AC +2) [demonic ancestry]
   222 | D:1      | Reached XP level 2. HP: 24/24 MP: 2/2
   698 | D:2      | Gained mutation: Your flesh is heat resistant. (rF+)
                  | [demonic ancestry]
   698 | D:2      | Reached XP level 3. HP: 3/29 MP: 3/3
   893 | D:2      | Found a snail-covered altar of Cheibriados.
   941 | D:2      | Found a faded altar of an unknown god.
  1096 | D:2      | Gained mutation: You have sharp fingernails. [demonic
                  | ancestry]
  1096 | D:2      | Reached XP level 4. HP: 28/35 MP: 4/4
  1950 | D:3      | Found an iron altar of Okawaru.
  1962 | D:3      | Gained mutation: You are immune to clouds of flame.
                  | [demonic ancestry]
  1962 | D:3      | Reached XP level 5. HP: 38/41 MP: 5/5
  2004 | D:3      | Became a worshipper of Warmaster Okawaru
  2224 | D:3      | Reached skill level 1 in Dodging
  2424 | D:4      | Gained mutation: You have very sharp fingernails. [demonic
                  | ancestry]
  2424 | D:4      | Reached XP level 6. HP: 48/48 MP: 6/6
  2447 | D:4      | Found a staircase to the Ecumenical Temple.
  2592 | D:4      | Found Buucobrir's Magic Scroll Shoppe.
  2601 | D:4      | Bought a scroll of identify for 22 gold pieces
  2601 | D:4      | Bought a scroll of identify for 22 gold pieces
  2601 | D:4      | Bought a scroll of identify for 22 gold pieces
  2601 | D:4      | Bought a scroll of identify for 22 gold pieces
  2611 | D:4      | Found a glowing silver altar of Zin.
  2643 | D:4      | Found a blossoming altar of Fedhas.
  2936 | D:4      | Found a roughly hewn altar of Beogh.
  2943 | D:4      | Reached * piety under Okawaru
  2948 | D:4      | Gained mutation: You sometimes gain a little power by
                  | taking damage. [demonic ancestry]
  2948 | D:4      | Reached XP level 7. HP: 21/54 MP: 7/7
  3184 | D:5      | Entered Level 5 of the Dungeon
  3280 | D:5      | Reached skill level 5 in Axes
  3545 | D:5      | Noticed Duvessa
  3563 | D:5      | Killed Duvessa
  3563 | D:5      | Noticed Dowan
  3578 | D:5      | Killed Dowan
  3578 | D:5      | Reached skill level 5 in Shields
  3578 | D:5      | Reached XP level 8. HP: 39/60 MP: 8/8
  4100 | D:5      | Found an opulent altar of Gozag.
  4103 | D:5      | Found a sparkling altar of Nemelex Xobeh.
  4106 | D:5      | Found a white marble altar of Elyvilon.
  4109 | D:5      | Found a glowing golden altar of the Shining One.
  4417 | D:5      | Reached ** piety under Okawaru
  4692 | D:6      | Got a transparent dagger
  4693 | D:6      | Identified the +7 dagger "Jumodec" {pain, rC+} (You found
                  | it on level 6 of the Dungeon)
  4725 | D:6      | Found a sacrificial altar of Ru.
  4765 | D:6      | HP: 1/61 [orc warrior/+0 dire flail (17)]
  4770 | D:6      | Mangled by an orc warrior

Vault maps used:
D:1:      dpeg_arrival_tiny_i
D:2:      chequers_ecumenical_altar_island, first_ration, cheibriados_altar_1
D:3:      minmay_general_purpose_star, okawaru_altar_gauntlet_db
D:4:      kennysheep_little_box, fedhas_bush_and_centaur_altar,
          minmay_temple_entry_antechambers, serial_shops, shop,
          kennysheep_orc_chapel
D:5:      grunt_temple_overflow_cloverleaf, uniq_duvessa
D:6:      nicolae_ru_path_of_blood, serial_shops, nicolae_shop_behind_doors

Skill      XL: |  1  2  3  4  5  6  7  8 |
---------------+-------------------------+-----
Shields        | 3 4 5 6 |  6.2
Axes           | 2 3 4 5 6 |  6.7
Armour         | 3 4 |  4.1
Dodging        | 1 2 |  2.4
Fighting       | 4 |  4.6
Stealth        | |  0.4
Invocations    | |  0.1

Action                   |  1- 3 |  4- 6 |  7- 9 || total
-------------------------+-------+-------+-------++-------
Melee: War axe           |   145 |   198 |       ||   343
       Hand axe          |       |       |   218 ||   218
Invok: Heroism           |       |       |     3 ||     3
  Use: Potion            |     1 |       |     1 ||     2
       Scroll            |       |    10 |     3 ||    13
  Eat: Chunk             |     1 |     6 |     6 ||    13
Armor: Scale mail        |    92 |   103 |    13 ||   208
       Plate armour      |       |       |    99 ||    99
Dodge: Dodged            |    46 |    66 |    32 ||   144
Block: Shield            |    87 |   137 |   116 ||   340

Table legend:
 A = Non-vault XP
 B = Vault XP
 C = Vault XP percentage of total XP
 D = Non-vault monster count
 E = Vault monster count
 F = Vault count percentage of total count
                 A         B        C        D         E       F
            +---------+---------+-------+---------+---------+-------
      Total |    1940 |     457 |  19.1 |     112 |      16 |  12.5
            +---------+---------+-------+---------+---------+-------
        D:1 |      25 |       0 |   0.0 |      15 |       0 |   0.0
        D:2 |      77 |       0 |   0.0 |      21 |       0 |   0.0
        D:3 |     109 |      45 |  29.2 |      23 |      10 |  30.3
        D:4 |     312 |     193 |  38.2 |      21 |       4 |  16.0
        D:5 |     873 |     219 |  20.1 |      23 |       2 |   8.0
        D:6 |     544 |       0 |   0.0 |       9 |       0 |   0.0
            +---------+---------+-------+---------+---------+-------
